 Dungeon Crawl Stone Soup version 0.30-a0-634-g8abc85282e (console) character file.

Game seed: 2826058450734912488

38068 jejorda2 the Phalangite (level 14, -10/139 (150) HPs)
             Began as a Merfolk Berserker on Jan 14, 2023.
             Was a High Priest of Trog.
             Mangled by a death scarab (16 damage)
             ... in a Gauntlet.
             The game lasted 00:36:22 (13583 turns).

jejorda2 the Phalangite (Merfolk Berserker)        Turns: 13583, Time: 00:36:23

HP:   -10/139 (150) AC: 21    Str: 24    XL:     14   Next: 0%
MP:   9/14          EV: 16    Int:  6    God:    Trog [*****.]
Gold: 830           SH:  0    Dex: 18    Spells: 13/13 levels left

rFire   . . .      SeeInvis .    a - +8 bardiche {heavy, Str+2 Dex+4}
rCold   + + .      Faith    .    (shield currently unavailable)
rNeg    . . .      Spirit   .    F - +3 scale mail {rC+}
rPois   .          Reflect  .    d - +2 helmet
rElec   .          Harm     .    (no cloak)
rCorr   .          Rampage  .    s - +1 pair of gloves {infuse}
Will    +....      NoTele   +    e - +0 pair of boots Stlth
                                 L - amulet of the acrobat
HPRegen 0.43/turn                p - ring of protection from cold
MPRegen 0.14/turn                u - +4 ring of protection

@: berserking, slowed, studying Dodging, drained
A: (nimble swimmer 2), mertail
a: Renounce Religion, Berserk, Trog's Hand, Brothers in Arms


You were in a Gauntlet.
You worshipped Trog.
Trog was extremely pleased with you.
You visited 2 branches of the dungeon, and saw 11 of its levels.
You also visited: Sewer, Ossuary, Bailey and Gauntlet.

You collected 830 gold pieces.

Inventory:

Hand Weapons
 a - the +8 bardiche of the Wilderness (weapon) {heavy, Str+2 Dex+4}
   (You acquired it on level 8 of the Dungeon)

   Str:       It affects your strength (+2).
   Dex:       It affects your dexterity (+4).
 b - a +5 lajatang of flaming
Missiles
 c - 24 boomerangs
 g - 3 javelins
 h - 122 stones
 k - 38 poisoned darts (quivered)
 q - a curare-tipped dart
 G - 2 datura-tipped darts
Armour
 d - a +2 helmet (worn)
 e - a +0 pair of boots (worn)
 s - a +1 pair of gloves of infusion (worn)
 F - a +3 scale mail of cold resistance (worn)
Jewellery
 f - the ring of Truth {Fire rElec Str+8 Int-3 Dex+5}
   (You acquired it in an ossuary)

   [ring of fire]

   It enhances your fire magic.
   Str:       It affects your strength (+8).
   Int:       It affects your intelligence (-3).
   Dex:       It affects your dexterity (+5).
   rF:        It protects you from fire.
   rC:        It makes you vulnerable to cold.
   rElec:     It insulates you from electricity.
 i - a ring of protection from fire
 p - a ring of protection from cold (left hand)
 u - a +4 ring of protection (right hand)
 x - a ring of ice
 L - an amulet of the acrobat (around neck)
 O - a ring of see invisible
Wands
 t - a wand of roots (3)
 E - a wand of charming (8)
 K - a wand of polymorph (8)
Scrolls
 r - 4 scrolls of blinking
 z - 4 scrolls of butterflies
 A - 2 scrolls of fear
Potions
 j - 5 potions of attraction
 m - 5 potions of mutation
 o - 6 potions of haste
 v - 2 potions of heal wounds
 w - 10 potions of curing
 D - 3 potions of invisibility
 I - 2 potions of lignification
 J - a potion of resistance
 M - a potion of berserk rage
Miscellaneous
 N - a lightning rod (4/4)


   Skills:
 - Level 6.0 Fighting
 * Level 23.1 Polearms
 + Level 6.6 Throwing
 + Level 5.3 Armour
 - Level 10.5 Dodging


You had 13 spell levels left.
You didn't know any spells.
Your spell library was empty.

Dungeon Overview and Level Annotations

Branches:
Dungeon (10/15)            Temple (0/1) D:7            Lair (1/5) D:10
    Orc (0/2) D:9           Sewer (visited)         Ossuary (visited)
 Bailey (visited)         Gauntlet (1/1)

Altars:
Ashenzari
Cheibriados
Dithmenos
Elyvilon
Hepliaklqana
Kikubaaqudgha
Okawaru
Ru
Trog
Uskayaw
Wu Jian
Xom
Yredelemnul

Annotations:
Gauntlet 11 transporters


Innate Abilities, Weirdness & Mutations

((You are very nimble when in or above water. (Stealth+, EV+, Speed+++)))
Your lower body shifts to a powerful aquatic tail in water.


Message History

You feel drained.
* * * LOW HITPOINT WARNING * * *
The spectral four-headed hydra barely misses you.
The spectral four-headed hydra bites you but does no damage.
The spectral cane toad barely misses you.
Unknown command.
You slash the spectral cane toad!
The spectral cane toad is lightly damaged.
The spectral cane toad hits you but does no damage.
The spectral four-headed hydra closely misses you.
The spectral four-headed hydra bites you but does no damage.
The spectral four-headed hydra completely misses you.
The spectral four-headed hydra misses you.
You carve the spectral cane toad like a ham!!!
You destroy the spectral cane toad!
Trog accepts your kill. The death scarab closely misses you.
The spectral four-headed hydra misses you.
The spectral four-headed hydra bites you but does no damage.
The spectral four-headed hydra misses you.
The spectral four-headed hydra bites you.
* * * LOW HITPOINT WARNING * * *
You open the spectral four-headed hydra like a pillowcase!!!!
The spectral four-headed hydra is almost destroyed.
The death scarab closely misses you.
The spectral four-headed hydra bites you but does no damage.
The spectral four-headed hydra barely misses you.
The spectral four-headed hydra bites you.
* * * LOW HITPOINT WARNING * * *
You feel drained.
* * * LOW HITPOINT WARNING * * *
The spectral four-headed hydra bites you but does no damage.
You slice the spectral four-headed hydra!!
You destroy the spectral four-headed hydra!
Trog accepts your kill. The death scarab bites you!
* * * LOW HITPOINT WARNING * * *
The death scarab draws strength from your injuries!
The death scarab bites you!
You die...

........###########...§#
8.....................##
.......8.....8.....8.##
######...............§#
#○hEh#...#########...##
.#○EE#...##.#.#.##...≈#
..#.h#####?#.#.#O#...##
#..#.#...##?#©#B##...≈#
.#©.##©8©#©#^#Z#@#©8.##
#.○#.#...##[#.#B##...≈#
..#..#####.#.#.#.#...##
.#...#...##Z#.#.##...≈#
#....#...#########...##
######...............≈#
.......8.....8.....8.##
8..........§.........≈#
.......#≈#≈#≈#§#≈#§#≈##


You could see a spectral five-headed hydra and 2 death scarabs.

Vanquished Creatures
  An orc warlord (Bailey)
  The ghost of sirJeffrey23 the Basher, a journeyman FoFi of Zin (D:9)
  3 two-headed ogres
  A dancing weapon (D:8)
  The ghost of olddryhag the Cleaver, a novice DsGl of Wu Jian (D:9)
  The ghost of Imper the Chopper, a novice DrWn of Dithmenos (D:8)
  A spectral hydra (Gauntlet)
  An ugly thing (D:8)
  3 cane toads (Lair:1)
  2 unseen horror zombies (D:8)
  2 trolls (D:10)
  A hornet (D:10)
  5 dream sheep (Lair:1)
  A spectral black mamba (Gauntlet)
  Sigmund (D:5)
  A shadow (D:9)
  20 yaks
  2 humans (D:8)
  2 steam dragons
  A spectral cane toad (Gauntlet)
  A warg (D:9)
  An ice beast (D:5)
  4 orc warriors
  2 sky beasts (D:7)
  8 centaurs
  A wolf (D:10)
  2 ogres (D:6)
  4 kobold brigands
  A phantom (D:6)
  3 necrophages
  A wyvern zombie (D:8)
  5 bullfrogs
  A gnoll sergeant (D:6)
  3 scorpions
  8 wights
  2 howler monkeys
  2 electric eels
  A centaur zombie (D:8)
  10 hounds
  3 jellies
  2 gnoll boudas
  8 orc priests
  A human zombie (D:8)
  Ijyb (D:4)
  9 orc wizards
  2 iguanas
  2 killer bee zombies (D:8)
  16 mummies
  Robin (D:4)
  12 gnolls
  8 adders
  3 river rats
  2 shadow imps
  A white imp (D:8)
  An ufetubus (D:6)
  4 worms
  4 dart slugs
  50 orcs
  15 ball pythons
  4 endoplasms
  4 giant cockroaches
  8 goblins
  17 hobgoblins
  3 jackals (Sewer)
  5 quokkas
  6 bats
  7 frilled lizards
  5 gnoll skeletons (Ossuary)
  A goblin skeleton (Ossuary)
  A goblin zombie (D:8)
  38 kobolds
  2 kobold skeletons (Ossuary)
  A quokka zombie (D:8)
  13 rats
  11 rat skeletons (Ossuary)
  A spectral orc (D:6)
383 creatures vanquished.

Vanquished Creatures (collateral kills)
  A warg (D:9)
  3 orc priests (D:9)
  An orc wizard (D:9)
  5 orcs
10 creatures vanquished.

Vanquished Creatures (others)
  14 demonic plants (Gauntlet)
  9 fungi
  27 plants
  3 toadstools (D:6)
53 creatures vanquished.

Grand Total: 446 creatures vanquished

Notes
Turn   | Place    | Note
-------+----------+-------------------------------------------
     0 | D:1      | jejorda2 the Merfolk Berserker began the quest for the Orb.
     0 | D:1      | Reached XP level 1. HP: 18/18 MP: 1/1
    54 | D:1      | Reached XP level 2. HP: 24/24 MP: 2/2
   200 | D:1      | Reached XP level 3. HP: 29/29 MP: 3/3
   205 | D:1      | Reached ** piety under Trog
   494 | D:1      | Reached skill level 5 in Polearms
  1085 | D:2      | Reached XP level 4. HP: 37/37 MP: 4/4
  1617 | D:3      | You fall into a shaft and drop 3 floors!
  1671 | D:6      | Noticed a kobold brigand
  1694 | D:6      | Killed a kobold brigand
  1695 | D:6      | Reached skill level 6 in Polearms
  1695 | D:6      | Reached XP level 5. HP: 21/42 MP: 5/5
  1863 | D:6      | Reached XP level 6. HP: 49/49 MP: 3/6
  1933 | D:6      | Reached skill level 7 in Polearms
  1979 | D:6      | Reached skill level 5 in Dodging
  2023 | D:6      | Reached skill level 5 in Fighting
  2023 | D:6      | Reached XP level 7. HP: 56/56 MP: 1/7
  2142 | D:6      | Found a hazy altar of Hepliaklqana.
  2250 | D:6      | Noticed a steam dragon
  2261 | D:6      | Killed a steam dragon
  2262 | D:6      | Reached skill level 8 in Polearms
  2557 | D:6      | Reached skill level 9 in Polearms
  2561 | D:6      | Reached XP level 8. HP: 53/64 MP: 1/8
  3113 | D:6      | Reached *** piety under Trog
  3266 | D:6      | Reached skill level 10 in Polearms
  3666 | D:5      | Entered Level 5 of the Dungeon
  3704 | D:5      | Noticed Sigmund
  3715 | D:5      | Killed Sigmund
  3716 | D:5      | Reached skill level 11 in Polearms
  3840 | D:5      | Reached XP level 9. HP: 69/69 MP: 7/9
  4318 | D:5      | Reached skill level 12 in Polearms
  4548 | D:4      | Found a glowing drain.
  4556 | Sewer    | Entered a sewer
  4820 | Sewer    | Reached **** piety under Trog
  5532 | D:4      | Noticed Robin
  5544 | D:4      | Killed Robin
  5663 | D:4      | Noticed Ijyb
  5679 | D:4      | Killed Ijyb
  5839 | D:4      | Found a bloodstained altar of Trog.
  5868 | D:4      | Found a basalt altar of Yredelemnul.
  5956 | D:4      | Found a white marble altar of Elyvilon.
  6947 | D:3      | Found a snail-covered altar of Cheibriados.
  7203 | D:7      | Reached skill level 13 in Polearms
  7504 | D:7      | Found a staircase to the Ecumenical Temple.
  7557 | D:7      | Found a sacrificial altar of Ru.
  7557 | D:7      | Found a hide-covered altar of Uskayaw.
  7558 | D:7      | Found a broken altar of Ashenzari.
  7565 | D:7      | Noticed a two-headed ogre
  7597 | D:7      | Killed a two-headed ogre
  7598 | D:7      | Reached skill level 14 in Polearms
  7598 | D:7      | Reached skill level 10 in Dodging
  7598 | D:7      | Reached XP level 10. HP: 76/76 MP: 3/10
  8049 | D:7      | Found an ornate altar of the Wu Jian Council.
  8325 | D:8      | Found a sand-covered staircase.
  8336 | Ossuary  | Entered an ossuary
  8690 | Ossuary  | Reached ***** piety under Trog
  8799 | Ossuary  | Reached skill level 1 in Throwing
  9147 | Ossuary  | Identified 3 scrolls of acquirement
  9147 | Ossuary  | Acquired a +0 vampiric glaive
  9149 | Ossuary  | Acquired a manual of Dodging
  9151 | Ossuary  | Acquired the ring of Truth {Fire rElec Str+8 Int-3 Dex+5}
  9414 | D:8      | Found an ancient bone altar of Kikubaaqudgha.
  9497 | D:8      | Reached skill level 15 in Polearms
 10043 | D:8      | Found a runed translucent door.
 10043 | D:8      | Found a shimmering altar of Xom.
 10043 | D:8      | Noticed a +2 falchion of chaos
 10043 | D:8      | Noticed Imper's ghost (novice DrWn)
 10054 | D:8      | Killed a +2 falchion of chaos
 10065 | D:8      | Killed Imper's ghost
 10066 | D:8      | Reached skill level 16 in Polearms
 10167 | D:8      | Acquired the +8 bardiche of the Wilderness {heavy, Str+2
                  | Dex+4}
 10204 | D:8      | Noticed a green ugly thing
 10206 | D:8      | Reached XP level 11. HP: 81/81 MP: 8/11
 10211 | D:8      | Killed a green ugly thing
 10350 | D:8      | Found an iron altar of Okawaru.
 10864 | D:9      | Found a staircase to the Orcish Mines.
 10964 | D:9      | Reached skill level 17 in Polearms
 10970 | D:9      | Found a flagged portal.
 10979 | Bailey   | Entered a bailey
 11009 | Bailey   | Noticed an orc warlord
 11011 | Bailey   | Received a gift from Trog
 11246 | Bailey   | Found a runed translucent gate.
 11270 | Bailey   | Found a runed translucent gate.
 11271 | Bailey   | Found a runed translucent gate.
 11331 | Bailey   | Killed an orc warlord
 11332 | Bailey   | Reached skill level 5 in Throwing
 11443 | Bailey   | Reached skill level 20 in Polearms
 11443 | Bailey   | Reached XP level 12. HP: 88/88 MP: 12/12
 11444 | Bailey   | Reached skill level 22 in Polearms
 11444 | Bailey   | Reached XP level 13. HP: 93/93 MP: 13/13
 11545 | D:9      | Found a runed translucent gate.
 11545 | D:9      | Found a runed translucent gate.
 11546 | D:9      | Found a runed translucent gate.
 11549 | D:9      | Noticed olddryhag's ghost (novice DsGl)
 11549 | D:9      | Noticed sirJeffrey23's ghost (journeyman FoFi)
 11568 | D:9      | Killed olddryhag's ghost
 11575 | D:9      | Killed sirJeffrey23's ghost
 12235 | D:10     | Entered Level 10 of the Dungeon
 12461 | D:10     | Found a shadowy altar of Dithmenos.
 12662 | D:10     | Found a staircase to the Lair.
 12685 | D:10     | Reached skill level 5 in Armour
 13266 | Lair:1   | Entered Level 1 of the Lair of Beasts
 13284 | Lair:1   | Reached skill level 23 in Polearms
 13325 | Lair:1   | Found a gate leading to a gauntlet.
 13343 | Gauntlet | Entered a Gauntlet
 13343 | Gauntlet | Found a transporter.
 13377 | Gauntlet | Found a transporter.
 13394 | Gauntlet | Found a transporter.
 13395 | Gauntlet | Found a transporter.
 13405 | Gauntlet | Found a transporter.
 13425 | Gauntlet | Found a transporter.
 13429 | Gauntlet | Found a transporter.
 13432 | Gauntlet | Found a transporter.
 13455 | Gauntlet | Found a transporter.
 13463 | Gauntlet | Found a transporter.
 13463 | Gauntlet | Found a transporter.
 13471 | Gauntlet | Found a transporter.
 13579 | Gauntlet | Reached XP level 14. HP: 28/98 MP: 12/14
 13583 | Gauntlet | HP: 6/139 [death scarab (12)]
 13583 | Gauntlet | Mangled by a death scarab

Illustrated notes

Levels and vault maps discovered:
D:1:      dpeg_arrival_shelter, layout_basic
D:2:      layout_loops_ring
D:3:      layout_basic, kennysheep_slug_shrine
D:4:      layout_basic, mainiacjoe_overflow_paths, jmf_multi_god_temple,
          portal_sewer_entry_b, nicolae_goblin_pals
D:5:      layout_loops_cross, uniq_sigmund
D:6:      layout_basic, nicolae_hepliaklqana_monster_ancestors,
          minmay_gold_behind_fungi, kennysheep_generic_room_16
D:7:      nicolae_whirlpool, layout_loops_ring, grunt_temple_overflow_open,
          nicolae_wu_jian_immortal_techniques,
          minmay_temple_entry_gardened_gates
D:8:      layout_loops_corners, lemuel_mausoleum_altar_kikubaaqudgha,
          okawaru_humans, ebering_ghost_xom, enter_ossuary_4, minivault_25
D:9:      layout_basic, erik_orc_4, gammafunk_ghost_cemetery, enter_bailey_4
D:10:     layout_irregular_city, nicolae_dithmenos_shadow_blocks,
          erik_lair_island
Lair:1:   layout_roguey [special_room_bee], gauntlet_entry_generic,
          grunt_megastairs_4
Gauntlet: minmay_gauntlet_mixed_oops_all_seconds [minmay_gauntlet_arena_77_box,
          gammafunk_gauntlet_arena_hedges, minmay_gauntlet_arena_77_checkered,
          nicolae_gauntlet_arena_flowing_pool,
          minmay_gauntlet_arena_77_tiled_triplets,
          gammafunk_gauntlet_arena_arrow_garden, gauntlet_exit_hidden_loot]

Skill      XL: |  1  2  3  4  5  6  7  8  9 10 11 12 13 |
---------------+----------------------------------------+-----
Dodging        | 3 4 5 6 8 10 | 10.5
Polearms       | 5 6 7 9 11 14 16 20 22 23 | 23.1
Fighting       | 4 5 6 |  6.0
Throwing       | 3 5 6 |  6.6
Armour         | 3 4 5 |  5.3

Action                   |  1- 3 |  4- 6 |  7- 9 | 10-12 | 13-15 || total
-------------------------+-------+-------+-------+-------+-------++-------
Melee: Spear             |   116 |    88 |       |       |       ||   204
       Punch             |     1 |     1 |       |       |       ||     2
       Trident           |       |     9 |   120 |       |       ||   129
       Halberd           |       |       |   230 |   122 |       ||   352
       Tailslap          |       |       |     3 |     3 |       ||     6
       Glaive            |       |       |       |    96 |       ||    96
       Bardiche          |       |       |       |   108 |   122 ||   230
Throw: Stone             |       |     8 |     2 |       |       ||    10
       Dart              |       |       |     6 |     8 |    11 ||    25
Invok: Berserk           |     1 |     3 |     6 |     3 |     2 ||    15
       Trog's Hand       |       |     1 |     2 |     4 |       ||     7
       Brothers in Arms  |       |       |       |     2 |     1 ||     3
  Use: Potion            |       |       |     2 |     4 |       ||     6
       Scroll            |       |       |     1 |    24 |     1 ||    26
 Stab: Sleeping          |     3 |       |       |       |       ||     3
       Distracted        |       |       |       |     1 |       ||     1
Armor: Animal skin       |    21 |     6 |       |       |       ||    27
       Ring mail         |       |       |     9 |       |       ||     9
       Plate armour      |       |       |    90 |       |       ||    90
       Scale mail        |       |       |    34 |    84 |    39 ||   157
Dodge: Dodged            |    45 |    32 |   143 |   226 |    62 ||   508

Table legend: (Time is in decaauts)
 A = Elapsed time spent in this place.
 B = Non-inter-level travel time spent in this place.
 C = Inter-level travel time spent in this place.
 D = Time resting spent in this place.
 E = Time spent auto-exploring this place.
 F = Levels seen in this place.
 G = Mean time per level.
                   A        B        C        D        E       F      G
               +--------+--------+--------+--------+--------+-----+--------+
         Total |  13455 |  12976 |    479 |    756 |   9722 |  15 |  897.0 |
       Dungeon |  10979 |  10534 |    445 |    632 |   8173 |  10 | 1097.9 |
          Lair |     79 |     45 |     34 |      0 |      0 |   1 |   79.0 |
         Sewer |    850 |    850 |      0 |      0 |    650 |   1 |  850.0 |
       Ossuary |    822 |    822 |      0 |     55 |    633 |   1 |  822.0 |
        Bailey |    481 |    481 |      0 |     69 |     68 |   1 |  481.0 |
      Gauntlet |    243 |    243 |      0 |      0 |    197 |   1 |  243.0 |
               +--------+--------+--------+--------+--------+-----+--------+

Top non-repeatable levels by time:
     D:6: 2079 daAuts
     D:8: 1699 daAuts
     D:7: 1171 daAuts
    D:10: 1027 daAuts
     D:4: 1022 daAuts
     D:9: 959 daAuts
     D:5: 881 daAuts
   Sewer: 850 daAuts
 Ossuary: 822 daAuts
     D:1: 764 daAuts
     D:2: 755 daAuts
     D:3: 617 daAuts
  Bailey: 481 daAuts
Gauntlet: 243 daAuts
  Lair:1: 79 daAuts
